SA
PONTIAC GODFATHERS @ MANCELONA TORCH
09/06/2042
 
TOP OF THE 1ST
Pontiac Godfathers batting - Pitching for Mancelona Torch : LHP Marcos Lucero
Pitching: LHP Marcos Lucero
Batting: RHB Gary Bly 0-0: Ball
1-0: Ball
2-0: Ball
3-0: Base on Balls
Batting: RHB José Rivera 0-0: Ball
1-0: Called Strike
1-1: Called Strike
1-2: Foul Ball, location: 2F
1-2: Foul Ball, location: 2F
1-2: Strikes out swinging
Batting: SHB Mike Sherman 0-0: Fly out, F7 (Flyball, 78M, EV 81.2 MPH)
Batting: RHB Nathan Bram 0-0: Called Strike
0-1: Ball
1-1: Fly out, F9 (Flyball, 89D, EV 103.1 MPH)
Top of the 1st over - 0 runs, 0 hits, 0 errors, 1 left on base; Pontiac 0 - Mancelona 0
BOTTOM OF THE 1ST
Mancelona Torch batting - Pitching for Pontiac Godfathers : LHP Basilio Delgado
Pitching: LHP Basilio Delgado
Batting: RHB Glen Stockhill 0-0: Ball
1-0: SOLO HOME RUN (Flyball, 7D, EV 114.4 MPH), Distance : 373 ft
Batting: RHB Joel Fagliano 0-0: Ball
1-0: Ball
2-0: Called Strike
2-1: Ground out 5-3 (Groundball, 56S, EV 63.8 MPH)
Batting: RHB Carlos Vélez 0-0: Ball
1-0: Ball
2-0: Ball
3-0: Base on Balls
Batting: RHB Rubén Jusino 0-0: Ball
1-0: Called Strike
1-1: Swinging Strike
1-2: Strikes out looking
Batting: RHB Wayne Haylock 0-0: Ball
1-0: Fly out, F6 (Flyball, 56D, EV 91.9 MPH)
Bottom of the 1st over - 1 run, 1 hit, 0 errors, 1 left on base; Pontiac 0 - Mancelona 1
TOP OF THE 2ND
Pontiac Godfathers batting - Pitching for Mancelona Torch : LHP Marcos Lucero
Batting: RHB John Williams 0-0: Ball
1-0: Ball
2-0: Foul Ball, location: 2F
2-1: Foul Ball, location: 2F
2-2: Foul Ball, location: 2F
2-2: SINGLE (Groundball, 56, EV 80.0 MPH) (infield hit)
Batting: RHB Rich Pope 0-0: Ball
1-0: Grounds into double play, 6-4-3 (Groundball, 6, EV 98.8 MPH)
Batting: LHB Brad Dyer 0-0: Ball
1-0: SINGLE (Groundball, 4D, EV 95.6 MPH)
Batting: RHB Bonifacio Marmolejo 0-0: Reached on error, E4 (Groundball, 4, EV 104.4 MPH)
Brad Dyer to second
Batting: RHB Santiago Tirado 0-0: Ball
1-0: Foul Ball, location: 2F
1-1: Ball
2-1: Fielders Choice at 2nd, 6-4 (Groundball, 6, EV 85.0 MPH)
Top of the 2nd over - 0 runs, 2 hits, 1 error, 2 left on base; Pontiac 0 - Mancelona 1
BOTTOM OF THE 2ND
Mancelona Torch batting - Pitching for Pontiac Godfathers : LHP Basilio Delgado
Batting: LHB Diego Alejandro Ureńa 0-0: Ball
1-0: Foul Ball, location: 2F
1-1: Fly out, F8 (Flyball, 89D, EV 103.8 MPH)
Batting: RHB Kuan Ru 0-0: Ball
1-0: Foul Ball, location: 2F
1-1: Ground out 5-3 (Groundball, 56, EV 80.6 MPH)
Batting: RHB Francisco Rocha 0-0: Ball
1-0: Called Strike
1-1: Ball
2-1: Foul Ball, location: 2F
2-2: Ground out 6-3 (Groundball, 6, EV 108.8 MPH)
Bottom of the 2nd over - 0 runs, 0 hits, 0 errors, 0 left on base; Pontiac 0 - Mancelona 1
TOP OF THE 3RD
Pontiac Godfathers batting - Pitching for Mancelona Torch : LHP Marcos Lucero
Batting: RHB Gary Bly 0-0: Ball
1-0: Ball
2-0: Ball
3-0: Swinging Strike
3-1: Called Strike
3-2: Strikes out looking
Batting: RHB José Rivera 0-0: Called Strike
0-1: Called Strike
0-2: Fly out, F8 (Flyball, 89M, EV 90.0 MPH)
Batting: SHB Mike Sherman 0-0: Called Strike
0-1: Ball
1-1: SINGLE (Groundball, 6MS, EV 66.2 MPH) (infield hit)
Batting: RHB Nathan Bram 0-0: Ball
1-0: Called Strike
1-1: Foul Ball, location: 2F
1-2: Ball
2-2: DOUBLE (Flyball, 78XD, EV 98.1 MPH)
Mike Sherman to third
Runner from 3rd tries for Home, SAFE, no throw by CF
Pinch Runner at 2nd Mike O'Halloran:
Batting: RHB John Williams 0-0: Called Strike
0-1: Fly out, F3 (Popup, 23F, EV 80.0 MPH)
Top of the 3rd over - 1 run, 2 hits, 0 errors, 1 left on base; Pontiac 1 - Mancelona 1
BOTTOM OF THE 3RD
Mancelona Torch batting - Pitching for Pontiac Godfathers : LHP Basilio Delgado
Batting: RHB Thiago Cicerón 0-0: Swinging Strike
0-1: Ball
1-1: Ball
2-1: Foul Ball, location: 2F
2-2: SINGLE (Groundball, 4MD, EV 102.5 MPH)
Batting: RHB Glen Stockhill 0-0: Called Strike
0-1: Swinging Strike
0-2: Ball
1-2: Ball
2-2: Foul Ball, location: 2F
2-2: SINGLE (Groundball, 56S, EV 70.6 MPH) (infield hit)
Thiago Cicerón to second
Batting: RHB Joel Fagliano 0-0: Ball
1-0: Ball
2-0: Called Strike
2-1: Foul Ball, location: 2F
2-2: Foul Ball, location: 2F
2-2: Ball
3-2: Foul Ball, location: 2F
3-2: Hit by Pitch
Thiago Cicerón to third
Glen Stockhill to second
Batting: RHB Carlos Vélez 0-0: Fly out, F9 (Flyball, 9LDF, EV 90.0 MPH)
Runner from 3rd tags up, SCORES, no throw by RF
Glen Stockhill to third
Batting: RHB Rubén Jusino 0-0: Called Strike
0-1: Called Strike
0-2: Fly out, F7 (Flyball, 7, EV 85.6 MPH)
Runner from 3rd tags up, SCORES, throw by LF
Batting: RHB Wayne Haylock 0-0: Ball
1-0: Ball
2-0: Called Strike
2-1: Foul Ball, location: 2F
2-2: Ball
3-2: DOUBLE (Line Drive, 7LD, EV 100.0 MPH)
Joel Fagliano to third
Joel Fagliano scores
Batting: LHB Diego Alejandro Ureńa 0-0: Called Strike
0-1: Called Strike
0-2: Ball
1-2: Ball
2-2: Foul Ball, location: 2F
2-2: Fly out, F3 (Line Drive, 3, EV 74.4 MPH)
Bottom of the 3rd over - 3 runs, 3 hits, 0 errors, 1 left on base; Pontiac 1 - Mancelona 4
TOP OF THE 4TH
Pontiac Godfathers batting - Pitching for Mancelona Torch : LHP Marcos Lucero
Batting: RHB Rich Pope 0-0: Fly out, F8 (Line Drive, 8LM, EV 90.6 MPH)
Batting: LHB Brad Dyer 0-0: Called Strike
0-1: Ball
1-1: Ball
2-1: Fly out, F1 (Line Drive, P, EV 72.5 MPH)
Batting: RHB Bonifacio Marmolejo 0-0: Foul Ball, location: 2F
0-1: Ball
1-1: Ball
2-1: Called Strike
2-2: Ball
3-2: Strikes out swinging
Top of the 4th over - 0 runs, 0 hits, 0 errors, 0 left on base; Pontiac 1 - Mancelona 4
BOTTOM OF THE 4TH
Mancelona Torch batting - Pitching for Pontiac Godfathers : LHP Basilio Delgado
Batting: RHB Kuan Ru 0-0: Ball
1-0: Ground out 4-3 (Groundball, 4, EV 81.2 MPH)
Batting: RHB Francisco Rocha 0-0: Called Strike
0-1: Fly out, F8 (Flyball, 8RM, EV 90.0 MPH)
Batting: RHB Thiago Cicerón 0-0: Ball
1-0: Called Strike
1-1: Ball
2-1: Fly out, F9 (Flyball, 9LS, EV 72.5 MPH)
Bottom of the 4th over - 0 runs, 0 hits, 0 errors, 0 left on base; Pontiac 1 - Mancelona 4
TOP OF THE 5TH
Pontiac Godfathers batting - Pitching for Mancelona Torch : LHP Marcos Lucero
Batting: RHB Santiago Tirado 0-0: Fly out, F7 (Flyball, 7D, EV 87.5 MPH)
Batting: RHB Gary Bly 0-0: Called Strike
0-1: Ball
1-1: Fly out, F9 (Flyball, 89D, EV 91.2 MPH)
Batting: RHB José Rivera 0-0: Swinging Strike
0-1: Ground out 6-3 (Groundball, 6, EV 91.9 MPH)
Top of the 5th over - 0 runs, 0 hits, 0 errors, 0 left on base; Pontiac 1 - Mancelona 4
BOTTOM OF THE 5TH
Mancelona Torch batting - Pitching for Pontiac Godfathers : LHP Basilio Delgado
Batting: RHB Glen Stockhill 0-0: Ball
1-0: Ball
2-0: Ground out 5-3 (Groundball, 56, EV 105.6 MPH)
Batting: RHB Joel Fagliano 0-0: Ball
1-0: Ball
2-0: Ball
3-0: Base on Balls
Batting: RHB Carlos Vélez 0-0: Foul Ball, location: 2F
0-1: Called Strike
0-2: Ball
1-2: Foul Ball, location: 2F
1-2: Ground out 6-3 (Groundball, 6S, EV 69.4 MPH)
Joel Fagliano to second
Batting: RHB Rubén Jusino 0-0: Ball
1-0: Fly out, F8 (Flyball, 8RS, EV 90.0 MPH)
Bottom of the 5th over - 0 runs, 0 hits, 0 errors, 1 left on base; Pontiac 1 - Mancelona 4
TOP OF THE 6TH
Pontiac Godfathers batting - Pitching for Mancelona Torch : LHP Marcos Lucero
Batting: SHB Mike Sherman 0-0: Ball
1-0: Fly out, F8 (Flyball, 8LXD, EV 92.5 MPH)
Batting: RHB Mike O'Halloran 0-0: Ball
1-0: Called Strike
1-1: SINGLE (Groundball, 4MD, EV 95.6 MPH)
Batting: RHB John Williams 0-0: SINGLE (Line Drive, 89M, EV 104.4 MPH)
Mike O'Halloran to second
Batting: RHB Rich Pope 0-0: Ball
1-0: Ball
2-0: Ball
3-0: Called Strike
3-1: Called Strike
3-2: Grounds into double play, 6-4-3 (Groundball, 6, EV 90.6 MPH)
Top of the 6th over - 0 runs, 2 hits, 0 errors, 1 left on base; Pontiac 1 - Mancelona 4
BOTTOM OF THE 6TH
Mancelona Torch batting - Pitching for Pontiac Godfathers : LHP Basilio Delgado
Batting: RHB Wayne Haylock 0-0: Swinging Strike
0-1: Foul Ball, location: 2F
0-2: Ball
1-2: Foul Ball, location: 2F
1-2: Strikes out swinging
Batting: LHB Diego Alejandro Ureńa 0-0: Swinging Strike
0-1: Foul Ball, location: 2F
0-2: Ball
1-2: Strikes out swinging
Batting: RHB Kuan Ru 0-0: Called Strike
0-1: Ball
1-1: Ball
2-1: Ground out 5-3 (Groundball, 56S, EV 75.0 MPH)
Bottom of the 6th over - 0 runs, 0 hits, 0 errors, 0 left on base; Pontiac 1 - Mancelona 4
TOP OF THE 7TH
Pontiac Godfathers batting - Pitching for Mancelona Torch : LHP Marcos Lucero
Batting: LHB Brad Dyer 0-0: Called Strike
0-1: Ball
1-1: Fly out, F4 (Popup, 23, EV 86.2 MPH)
Batting: RHB Bonifacio Marmolejo 0-0: Ball
1-0: SINGLE (Line Drive, 5D, EV 99.4 MPH)
Batting: RHB Santiago Tirado 0-0: Ball
1-0: Called Strike
1-1: Foul Ball, location: 2F
1-2: Foul Ball, location: 2F
1-2: Foul Ball, location: 2F
1-2: Ball
2-2: Ball
3-2: SINGLE (Groundball, 6MD, EV 100.6 MPH)
Bonifacio Marmolejo to second
Batting: RHB Gary Bly 0-0: Called Strike
0-1: Fly out, F4 (Popup, 4S, EV 73.1 MPH)
Batting: RHB José Rivera 0-0: Ball
1-0: Ball
2-0: DOUBLE (Flyball, 8RXD, EV 95.6 MPH)
Bonifacio Marmolejo scores
Santiago Tirado to third
Pinch Hitting: LHB Mike Scott 0-0: Called Strike
0-1: Swinging Strike
0-2: Ball
1-2: SINGLE (Flyball, 5D, EV 100.6 MPH)
Santiago Tirado scores
José Rivera to third
Batting: RHB Mike O'Halloran 0-0: Called Strike
0-1: Called Strike
0-2: Strikes out looking
Top of the 7th over - 2 runs, 4 hits, 0 errors, 2 left on base; Pontiac 3 - Mancelona 4
BOTTOM OF THE 7TH
Mancelona Torch batting - Pitching for Pontiac Godfathers : LHP Basilio Delgado
Now at 2B: Mike Scott
Batting: RHB Francisco Rocha 0-0: Foul Ball, location: 2F
0-1: Ball
1-1: Ground out 6-3 (Groundball, 6MD, EV 82.5 MPH)
Batting: RHB Thiago Cicerón 0-0: Foul Ball, location: 2F
0-1: Ground out 1-3 (Groundball, P, EV 86.2 MPH)
Batting: RHB Glen Stockhill 0-0: Ball
1-0: Ball
2-0: Ball
3-0: Called Strike
3-1: Ground out 1-3 (Groundball, 34S, EV 79.4 MPH)
Bottom of the 7th over - 0 runs, 0 hits, 0 errors, 0 left on base; Pontiac 3 - Mancelona 4
TOP OF THE 8TH
Pontiac Godfathers batting - Pitching for Mancelona Torch : LHP Marcos Lucero
Pitching: RHP Mun-wah Rao
Batting: RHB John Williams 0-0: Called Strike
0-1: Fly out, F8 (Flyball, 89D, EV 105.0 MPH)
Batting: RHB Rich Pope 0-0: Ball
1-0: Foul Ball, location: 2F
1-1: Swinging Strike
1-2: Foul Ball, location: 2F
1-2: Strikes out swinging
Batting: LHB Brad Dyer 0-0: Foul Ball, location: 2F
0-1: Ball
1-1: Ball
2-1: Ball
3-1: Ground out 2-3 (Groundball, 2L, EV 68.1 MPH)
Top of the 8th over - 0 runs, 0 hits, 0 errors, 0 left on base; Pontiac 3 - Mancelona 4
BOTTOM OF THE 8TH
Mancelona Torch batting - Pitching for Pontiac Godfathers : LHP Basilio Delgado
Batting: RHB Joel Fagliano 0-0: Ball
1-0: Ball
2-0: Foul Ball, location: 2F
2-1: Called Strike
2-2: Strikes out swinging
Batting: RHB Carlos Vélez 0-0: Ball
1-0: Fly out, F9 (Flyball, 9, EV 90.0 MPH)
Batting: RHB Rubén Jusino 0-0: Called Strike
0-1: SINGLE (Groundball, 4MD, EV 101.2 MPH)
Pitching: RHP Augusto Jaramillo
Batting: RHB Wayne Haylock 0-0: Called Strike
0-1: Foul Ball, location: 2F
0-2: Strikes out swinging
Bottom of the 8th over - 0 runs, 1 hit, 0 errors, 1 left on base; Pontiac 3 - Mancelona 4
TOP OF THE 9TH
Pontiac Godfathers batting - Pitching for Mancelona Torch : RHP Mun-wah Rao
Pinch Hitting: LHB Nathaniel Gordon 0-0: Ball
1-0: Foul Ball, location: 2F
1-1: Ball
2-1: Called Strike
2-2: Ball
3-2: Foul Ball, location: 2F
3-2: Foul Ball, location: 2F
3-2: SINGLE (Groundball, 34D, EV 95.0 MPH)
Batting: RHB Santiago Tirado 0-0: Called Strike
0-1: Ball
1-1: Called Strike
1-2: Foul Ball, location: 2F
1-2: Ball
2-2: Strikes out swinging
Pinch Hitting: RHB Pancho Achio 0-0: Ball
1-0: Swinging Strike
1-1: Foul Ball, location: 2F
1-2: Foul Ball, location: 2F
1-2: Foul Ball, location: 2F
1-2: Strikes out swinging
Batting: RHB José Rivera 0-0: Ball
1-0: Called Strike
1-1: Swinging Strike
1-2: Strikes out swinging
Top of the 9th over - 0 runs, 1 hit, 0 errors, 1 left on base; Pontiac 3 - Mancelona 4
Friday, March 26th, 2021 - OOTP Baseball 20.8 Build 74